 Dungeon Crawl Stone Soup version 0.31-a0-1620-gcbf77bbcfc (webtiles) character file.

Game seed: 13637271493125700038

2253 LeprechaunX the Changeling (level 9, -4/61 HPs)
             Began as an Octopode Shapeshifter on Jan 11, 2024.
             Was an Initiate of Ashenzari.
             Slain by a killer bee (9 damage)
             ... on level 7 of the Dungeon.
             The game lasted 00:11:29 (7499 turns).

LeprechaunX the Changeling (Octopode Shapeshifter)  Turns: 7499, Time: 00:11:29

Health: -4/61      AC:  1    Str: 16    XL:     9   Next: 37%
Magic:  19/21      EV: 13    Int: 12    God:    Ashenzari [......]
Gold:   425        SH:  0    Dex: 13    Spells: 10/12 levels left

rFire   . .          .
                       - Unarmed
rCold   + + .        (no shield)
rNeg    . . .        (helmet currently unavailable)
rPois   .            (no amulet)
rElec   .            h - ring of protection from cold
rCorr   .            l - ring of magical power
SInv    .            t - ring of Ashenzari's Augurer {Will+, Dev, Range} (curse)
Will    +....        C - ring of protection from cold
Stlth   ++           (no ring)
HPRegen 0.30/turn    (no ring)
MPRegen 0.17/turn    (no ring)
                     (no ring)

%: no passive effects
@: lethally poisoned (-4 -> -15), beast-form, very slightly contaminated
A: beast (slay +4), almost no armour, amphibious, 8 rings, camouflage 1,
gelatinous body 1, (nimble swimmer 1), tentacles
a: Begin Untransformation, Renounce Religion, Curse Item, Shatter the Chains


You were on level 7 of the Dungeon.
You worshipped Ashenzari.
Ashenzari was noncommittal.
You were a hulking beast.
You visited 2 branches of the dungeon, and saw 8 of its levels.

You collected 425 gold pieces.

Inventory:

Hand Weapons
 a - a +2 sling of flaming
Missiles
 i - 5 atropa-tipped darts (quivered)
 v - 2 javelins
 w - 9 boomerangs
Armour
 D - an orb of mayhem
Jewellery
 h - a ring of protection from cold (left tentacle)
 l - a ring of magical power (right tentacle)
 t - the cursed ring of Ashenzari's Augurer (on tentacle) {Will+, Dev, Range}
   (You found it on level 3 of the Dungeon)

   [ring of willpower]

   Will+:     It increases your willpower.
   It has a curse which improves the following skills: Devices: Evocations and
   Shapeshifting.
   Ranged Combat: Ranged Weapons and Throwing.
 C - a ring of protection from cold (on tentacle)
Talismans
 b - a beast talisman
 c - a flux talisman
 A - a maw talisman
Wands
 p - a wand of flame (13)
Scrolls
 d - a scroll of immolation {unknown}
 e - 2 scrolls of fog {unknown}
 n - a scroll of silence {unknown}
 o - 2 scrolls of fear {unknown}
 r - a scroll of brand weapon {unknown}
 u - a scroll of butterflies {unknown}
 x - 2 scrolls of teleportation {unknown}
 y - 3 scrolls of identify {unknown}
 z - a scroll of enchant weapon {unknown}
 B - 4 scrolls of blinking {unknown}
 E - a scroll of revelation {unknown}
Potions
 f - 2 potions of brilliance {unknown}
 g - 3 potions of degeneration {unknown}
 j - 2 potions of attraction {unknown}
 k - a potion of lignification
 m - a potion of heal wounds {unknown}
 q - a potion of might {unknown}
 s - 2 potions of berserk rage {unknown}


   Skills:
 + Level 5.0 Fighting
 - Level 2.9(3.2) Throwing
 - Level 2.0 Dodging
 + Level 5.8 Unarmed Combat
 + Level 2.2 Spellcasting
 + Level 2.4 Translocations
 + Level 4.6(5.0) Evocations
 * Level 7.2(7.6) Shapeshifting


You had 10 spell levels left.
You knew the following spells:

 Your Spells              Type           Power      Damage    Failure   Level
a - Blink                 Tloc           14%        N/A       14%         2

Your spell library contained the following spells:

 Spells                   Type           Power      Damage    Failure   Level
 Magic Dart               Conj           4%         1d3       26%         1
 Call Imp                 Summ           2%         N/A       38%         2
 Inner Flame              Hex/Fire       1%         N/A       63%         3
 Iskenderun's Mystic Bla  Conj/Tloc      4%         2d3       85%         4
 Flame Wave               Conj/Fire      1%         2d4       95%         4
 Sticky Flame             Fire/Alch      1%         2d4       95%         4
 Summon Mana Viper        Hex/Summ       1%         N/A       100%        5


Dungeon Overview and Level Annotations

Branches:
Dungeon (7/15)             Temple (1/1) D:5

Altars:
Ashenzari
Cheibriados
Dithmenos
Elyvilon
Fedhas
Gozag
Hepliaklqana
Kikubaaqudgha
Makhleb
Qazlal
Sif Muna
Trog
Vehumet
Xom
Yredelemnul
Zin
The Shining One

Shops:
D:7 *


Innate Abilities, Weirdness & Mutations

You are a hulking beast.
Your limbs bulge with bestial killing power. (Slay +4)
You cannot wear most types of armour.
You are amphibious.
You can wear up to eight rings at the same time.
Your skin changes colour to match your surroundings (Stealth+).
Your rubbery body absorbs attacks. (AC +1, EV +1)
((You are camouflaged when in or above water. (Stealth+)))
You have tentacles for arms and can constrict up to eight enemies at once.


Message History

A killer bee comes into view. x2 2 killer bees come into view.
Found a leather armour.
A killer bee comes into view.
The killer bee buzzes angrily.
The killer bee stings you! The killer bee stings you.
The killer bee buzzes angrily.
The killer bee stings you!
You are poisoned.
The killer bee poisons you!
You feel sick.
The killer bee attacks as it pursues you!
The killer bee barely misses you. The killer bee stings you!
You are more poisoned.
The killer bee poisons you!
You feel very sick. The killer bee barely misses you.
The killer bee stings you.
You feel very sick.
The killer bee buzzes angrily.
The killer bee barely misses you.
You feel very sick. The killer bee stings you!
* * * LOW HITPOINT WARNING * * *
The killer bee barely misses you. The killer bee stings you.
* * * LOW HITPOINT WARNING * * *
You are lethally poisoned!
The killer bee poisons you! The killer bee barely misses you.
Casting: Blink (safe; 14% risk of failure)
Confirm with . or Enter, or press ? or * to list all spells.
You miscast Blink.
You are very lightly contaminated with residual magic.
Nothing appears to happen.
The killer bee buzzes angrily.
* * * LOW HITPOINT WARNING * * *
You feel very sick. The killer bee stings you.
* * * LOW HITPOINT WARNING * * *
The killer bee stings you!
You die...

#...#.....#...#
##...#####.
#.#...._....#.# .......#
## #...#.....#...#
....#.#### #.#.........#.#
#.......# #.....#.#.....#
#........ ##..#.....#..##
##......#
##...#.#...########.)....#
##......................#
#######h...............#
#....yyy..............#
#.....y...............#
#.....y...............#
#................####..
#.....y............. #.
#................... .
#...................
#...................


You could see 6 killer bees.

Vanquished Creatures
  Jeremiah (D:6)
  A steam dragon (D:7)
  2 sky beasts
  2 ice beasts
  A black bear (D:7)
  An ogre (D:5)
  A centaur (D:7)
  A phantom (D:5)
  2 bullfrogs
  4 scorpions
  2 bombardier beetles
  A jelly (D:5)
  An orc priest (D:6)
  A sleepcap (D:4)
  2 hounds
  5 iguanas
  6 orc wizards
  7 adders
  8 gnolls
  A shadow imp (D:5)
  A white imp (D:5)
  4 dart slugs
  18 orcs
  6 bats
  7 endoplasms
  6 giant cockroaches
  12 hobgoblins
  11 jackals
  9 kobolds
  6 quokkas
  3 ball pythons
  3 frilled lizards
  7 goblins
  4 rats
147 creatures vanquished.

Notes
Turn   | Place    | Note
-------+----------+-------------------------------------------
     0 | D:1      | LeprechaunX the Octopode Shapeshifter began the quest for
                  | the Orb.
     0 | D:1      | Reached XP level 1. HP: 13/13 MP: 1/1
    80 | D:1      | Reached XP level 2. HP: 18/18 MP: 2/2
   389 | D:1      | Reached XP level 3. HP: 4/24 MP: 3/3
  1233 | D:2      | Reached XP level 4. HP: 19/29 MP: 4/4
  1555 | D:2      | Found a shadowy altar of Dithmenos.
  1913 | D:3      | Reached skill level 1 in Throwing
  1913 | D:3      | Reached skill level 4 in Shapeshifting
  2063 | D:3      | Reached XP level 5. HP: 19/34 MP: 5/5
  2700 | D:3      | Found a faded altar of an unknown god.
  2995 | D:4      | Reached skill level 1 in Evocations
  2995 | D:4      | Reached XP level 6. HP: 30/41 MP: 6/6
  3722 | D:5      | Entered Level 5 of the Dungeon
  3749 | D:5      | Reached skill level 5 in Shapeshifting
  3749 | D:5      | Reached XP level 7. HP: 46/46 MP: 7/7
  4091 | D:5      | Found a staircase to the Ecumenical Temple.
  4104 | Temple   | Entered the Ecumenical Temple
  4114 | Temple   | Became a worshipper of Ashenzari the Shackled
  4199 | D:5      | Found a blossoming altar of Fedhas.
  4327 | D:5      | Got Sif Muna's Vellum of Disjunct Charms
  4356 | D:5      | Found a burning altar of Makhleb.
  4768 | D:6      | Noticed Jeremiah
  4784 | D:5      | Reached XP level 8. HP: 12/54 MP: 8/8
  5406 | D:6      | Reached skill level 6 in Shapeshifting
  5613 | D:6      | Reached skill level 5 in Unarmed Combat
  5768 | D:6      | Learned a level 2 spell: Blink
  6129 | D:6      | Killed Jeremiah
  6130 | D:6      | Reached skill level 1 in Spellcasting
  6130 | D:6      | Reached skill level 1 in Translocations
  6739 | D:7      | Found Coulloan's Island Escapes.
  6800 | D:7      | Reached XP level 9. HP: 20/59 MP: 11/11
  7014 | D:7      | Reached skill level 7 in Shapeshifting
  7026 | D:7      | Reached skill level 5 in Fighting
  7181 | D:7      | Found a radiant altar of Vehumet.
  7499 | D:7      | Slain by a killer bee

Illustrated notes

Levels and vault maps discovered:
D:1:      shiori_shiawase, layout_basic, serial_rivers,
          chequers_serial_rivers_large_a, chequers_serial_rivers_room_a,
          chequers_serial_rivers_small_b, chequers_serial_rivers_small_3
D:2:      layout_basic, basic_altar
D:3:      layout_loops_ring, shapermc_ecumenical_altar_gd
D:4:      layout_gridville
D:5:      layout_basic, mainiacjoe_overflow_alcove_2, bloody_makhleb,
          minmay_temple_entry_sparse_star, serial_library,
          serial_library_hellmonk_u_bend, serial_library_hellmonk_angled_corner,
          serial_library_regret_index_headful, serial_library_hellmonk_room_c,
          serial_library_hellmonk_hallway_b, serial_library_hellmonk_room_a,
          serial_library_hellmonk_big_corner,
          serial_library_hellmonk_angled_corner, serial_library_hellmonk_room_a,
          serial_library_hellmonk_open_square
D:6:      layout_cave_pods, uniq_jeremiah
D:7:      layout_basic, nicolae_vehumet_radiance, amcnicky_altar_gilded,
          mainiacjoe_overflow_brackets, nicolae_island_escapes
Temple:   nicolae_temple_great_sept

Skill      XL: |  1  2  3  4  5  6  7  8  9 |
---------------+----------------------------+-----
Fighting       | 2 3 4 5 |  5.0
Throwing       | 1 2 |  2.9
Shapeshifting  | 4 5 6 7 |  7.2
Unarmed Combat | 4 5 |  5.8
Evocations     | 1 2 3 4 |  4.6
Spellcasting   | 1 2 |  2.2
Translocations | 1 2 |  2.4
Dodging        | |  2.0

Action                     |  1- 3 |  4- 6 |  7- 9 || total
---------------------------+-------+-------+-------++-------
  Melee: Unarmed           |    70 |   121 |   120 ||   311
         Constrict         |    21 |    35 |    24 ||    80
         Tentacles         |    12 |    32 |    27 ||    71
         Punch             |     3 |     2 |     9 ||    14
   Fire: Sling             |       |     9 |    82 ||    91
  Throw: Dart              |       |     4 |     5 ||     9
         Javelin           |       |     2 |     4 ||     6
         Throwing net      |       |       |     1 ||     1
         Boomerang         |       |       |     1 ||     1
 Invoke: Curse Item        |       |       |     1 ||     1
    Use: Potion            |       |       |     1 ||     1
   Stab: Sleeping          |     7 |    12 |     2 ||    21
 Armour: Skin              |    26 |    35 |    84 ||   145
  Dodge: Dodged            |    44 |    61 |    71 ||   176

Table legend: (Time is in decaauts)
 A = Elapsed time spent in this place.
 B = Non-inter-level travel time spent in this place.
 C = Inter-level travel time spent in this place.
 D = Time resting spent in this place.
 E = Time spent auto-exploring this place.
 F = Levels seen in this place.
 G = Mean time per level.
                   A        B        C        D        E       F      G
               +--------+--------+--------+--------+--------+-----+--------+
         Total |   7501 |   7135 |    366 |    978 |   5007 |   8 |  937.6 |
       Dungeon |   7480 |   7132 |    348 |    978 |   5007 |   7 | 1068.6 |
        Temple |     20 |      2 |     18 |      0 |      0 |   1 |   20.0 |
               +--------+--------+--------+--------+--------+-----+--------+

Top non-repeatable levels by time:
     D:5: 1523 daAuts
     D:6: 1339 daAuts
     D:1: 1075 daAuts
     D:3: 1061 daAuts
     D:4: 903 daAuts
     D:7: 833 daAuts
     D:2: 744 daAuts
  Temple: 20 daAuts
